Cogmind - Beta 15 @@@ ROGUE MODE // 2025.07.26 @ 23:45:50 Player: Inverisimilidude Result: Self-destructed Performance ------------- Evolutions (1) 500 Regions Visited (2) 400 Robots Destroyed (25) 125 Value Destroyed (491) 491 Prototype IDs (0) 0 Alien Tech Used (0) 0 Bonus (0) 0 TOTAL SCORE: 1516 Bonus ------- None Cogmind --------- Core Integrity 219/400 Matter 167/300 Energy 250/250 System Corruption 0% Temperature Cool (0) Movement Rolling (80) Location -9/Materials Parts ------- > --- POWER (1) -------- Ion Engine > --- PROPULSION (3) --- Wheel Wheel Wheel > --- UTILITY (3) ------ Medium Storage Unit > --- WEAPON (2) ------- Assault Rifle Light Assault Rifle > --- INVENTORY (10) --- Cooling System Large Storage Unit Sensor Array Hardened Light Armor Plating Light Assault Rifle Mining Laser Peak State ------------ > --- POWER ------------ Ion Engine > --- PROPULSION ------- Wheel Wheel Compact Wheel > --- UTILITY ---------- Medium Storage Unit Seismic Detector > --- WEAPON ----------- Assault Rifle Assault Rifle > --- INVENTORY -------- Ion Engine Wheel Cooling System Large Storage Unit Sensor Array Hardened Light Armor Plating Assault Rifle Grenade Launcher Mining Laser [Rating: 9] Favorites ----------- Power Ion Engine Engine Ion Engine Propulsion Wheel Wheel Wheel Utility Seismic Detector Device Seismic Detector Storage Small Storage Unit Weapon Assault Rifle Ballistic Gun Assault Rifle Launcher Grenade Launcher Build | -11 -10 -9 ------- Run | Yrd Mat Mat Slots Evolved 2 | . . 2 Power . | . . . Propulsion 1 | . . 1 Utility 1 | . . 1 Weapon . | . . . Parts Attached 19 | 7 7 5 Power 3 | 1 1 1 Engine 3 | 1 1 1 Core . | . . . Reactor . | . . . Propulsion 7 | 2 2 3 Treads . | . . . Leg . | . . . Wheel 7 | 2 2 3 Hover . | . . . Flight . | . . . Utility 4 | 2 2 . Device 2 | 1 1 . Storage 2 | 1 1 . Processor . | . . . Hackware . | . . . Protection . | . . . Artifact . | . . . Weapon 5 | 2 2 1 Energy Gun . | . . . Energy Cannon . | . . . Ballistic Gun 4 | 2 1 1 Ballistic Cannon . | . . . Launcher 1 | . 1 . Special Weapon . | . . . Impact Weapon . | . . . Slashing Weapon . | . . . Piercing Weapon . | . . . Special Melee Weapon . | . . . Unidentified Prototypes . | . . . Parts Lost 8 | . 1 7 Power 1 | . . 1 Propulsion 2 | . . 2 Utility 2 | . 1 1 Weapon 3 | . . 3 Highest Loss Streak 7 | . 1 7 To Critical Strikes . | . . . Average Backups 7 | 2 8 7 Power 1 | . 1 . Propulsion 2 | 1 2 . Utility 1 | . 1 4 Weapon 2 | . 2 2 Tool/Special . | . . . Unused Backups 8 | . 2 6 Power . | . . . Propulsion 2 | . 2 . Utility 4 | . . 4 Weapon 2 | . . 2 Tool/Special . | . . . Average Slot Usage (%) 93 | . 98 75 Engine 13 | . 14 10 Wheel 28 | . 28 30 Device 10 | . 12 4 Storage 13 | . 14 11 Ballistic Gun 25 | . 27 17 Peak Build Rating 9 | 7 8 9 Average Rating 6 | 5 7 7 On Entrance 5 | . 7 8 Naked Turns . | . . . Heaviest Build 21 | 15 20 21 Greatest Support 36 | 20 26 36 Greatest Overweight (x) 1 | . 1 . Average Overweight (x) . | . . . Largest Inventory Capacity 10 | 8 10 10 Average Capacity 8 | 6 8 10 Most Carried 10 | 5 10 9 Average Carried 7 | 2 8 7 Final Capacity 10 | 8 10 10 Final Carried 10 | 5 10 6 Class Distribution -------------------- 94% | Mutant 5% | Scavenger-Mutant Dominant Class ---------------- Mutant | -10/Materials Mutant | -9/Materials Resources | -11 -10 -9 ----------- Run | Yrd Mat Mat Matter Collected 757 | 185 270 302 Remotely . | . . . Salvage Created 519 | 20 306 193 Parts 42 | 2 18 22 Haulers Intercepted 1 | . . 1 Recyclers Shooed 1 | . 1 . Parts Field Recycled . | . . . Retrieved Matter . | . . . Parts Self-Destructed . | . . . Prevented . | . . . Kills | -11 -10 -9 ------- Run | Yrd Mat Mat Combat Hostiles Destroyed 18 | . 8 10 Guns 9 | . 5 4 AOE 9 | . 3 6 Classes Destroyed 8 | 1 5 2 Worker 1 | . 1 . Builder 2 | . 1 1 Tunneler 1 | 1 . . Hauler 1 | . . 1 Watcher 2 | . 1 1 Swarmer 10 | . 3 7 Grunt 7 | . 5 2 Sentry 1 | . . 1 Best Kill Streak 13 | 1 6 13 Combat Bots Only 10 | . 5 10 Max Kills in Single Turn 4 | 1 1 4 Gunslinging . | . . . Exploded 3 | . 1 3 Melee . | . . . Uniques/NPCs Destroyed . | . . . Combat | -11 -10 -9 -------- Run | Yrd Mat Mat Hostile Shots Fired 132 | . 44 88 Missed 43 | . 13 30 Hits 89 | . 31 58 Projectile 89 | . 31 58 Critical Strikes 4 | . 4 . Damage Taken 1050 | . 449 601 Core 297 | . 116 181 Absorbed by Shields . | . . . Core Remaining (%) 76 | 100 53 . Volleys Fired 69 | 2 36 31 Largest 2 | 2 2 2 Hottest 50 | 40 50 40 Shots Fired 112 | 4 67 41 Gun 100 | 4 60 36 Cannon . | . . . Launcher 12 | . 7 5 Special . | . . . Kinetic 100 | 4 60 36 Thermal . | . . . Explosive 12 | . 7 5 Electromagnetic . | . . . Robot Hit Streak 10 | 2 10 6 Robot Miss Streak 5 | 1 3 5 Penetration Max . | . . . Secondary Targets 1 | . 1 . Max Gunslinging Chain 1 | . 1 . Shots Hit Robots 56 | 3 35 18 Core Hits 38 | 1 18 19 Critical Kills . | . . . Critical Parts Destroyed . | . . . Critical Strikes . | . . . Melee Attacks . | . . . Impact . | . . . Slashing . | . . . Piercing . | . . . Sneak Attacks . | . . . Combat Hostiles . | . . . Follow-up Attacks . | . . . Damage Inflicted 1411 | 38 680 693 Guns 636 | 38 403 195 Cannons . | . . . Explosions 775 | . 277 498 Melee . | . . . Ramming . | . . . Kinetic 636 | 38 403 195 Thermal . | . . . Explosive 775 | . 277 498 Electromagnetic . | . . . Impact . | . . . Slashing . | . . . Piercing . | . . . Highest Corruption . | . . . Average Corruption . | . . . Corruption Purged . | . . . Corruption Blocked . | . . . Overload Shots . | . . . Overflow Damage 23 | . 14 9 Projectiles . | . . . Explosions 23 | . 14 9 Melee . | . . . Knockbacks . | . . . Impact . | . . . Kinetic . | . . . Secondary . | . . . Self-Inflicted Damage 102 | . 82 20 Shots 4 | . 3 1 Rammed . | . . . Targets Rammed . | . . . Kicked . | . . . Crushed . | . . . Highest Temperature 29 | . 29 . Average Temperature 13 | . 13 . Received Heat Transfer 375 | . 282 93 Siege Activations . | . . . Martial Activations . | . . . Shielding Activations . | . . . Robots Disrupted . | . . . Combat Hostiles . | . . . Robots Corrupted . | . . . Combat Hostiles . | . . . Parts Fried . | . . . Impact Corruptions . | . . . Robots Melted . | . . . Combat Hostiles . | . . . Parts Melted . | . . . Heat Transferred . | . . . Parts Sabotaged . | . . . Parts Stolen . | . . . Parts Stripped . | . . . Power Chain Reactions . | . . . Alert | -11 -10 -9 ------- Run | Yrd Mat Mat Maximum Alert Level 1 | . 1 1 Low Security (%) 60 | 100 55 61 Level 1 39 | . 44 38 Level 2 . | . . . Level 3 . | . . . Level 4 . | . . . Level 5 . | . . . High Security . | . . . Max Security . | . . . Peak Influence 262 | 5 262 226 Initial 79 | . . 79 Average 116 | . 113 167 Influence Increases 692 | 5 410 277 Destroy 0b10 Robot/C 360 | . 160 200 Destroy 0b10 Robot/NC 35 | 5 15 15 Destroy Leader 76 | . 42 34 Successful Hack 8 | . 8 . Disable Machine 45 | . 45 . Destroy Structure 78 | . 50 28 Partial Spotted 15 | . 15 . Lose Combat Pursuer 75 | . 75 . Influence Decreases 496 | 5 221 270 Entered New Map 110 | . . 110 Time Decay 306 | 5 211 90 Lost Part 80 | . 10 70 Squads Dispatched 3 | . 2 1 Investigation 1 | . 1 . Extermination . | . . . Reinforcement 2 | . 1 1 Assault . | . . . Garrison . | . . . Intercept . | . . . Searches Triggered . | . . . Construction Impeded . | . . . Haulers Reinforced . | . . . Active Scanning Responses . | . . . Cargo Convoy Interrupts . | . . . Stealth | -11 -10 -9 --------- Run | Yrd Mat Mat Distress Signals 5 | . 2 3 Communications Jammed . | . . . Distress Signals . | . . . Times Spotted 34 | . 16 18 Peak Tracking Total 8 | . 4 8 Tactical Retreats 4 | . 4 . Traps | -11 -10 -9 ------- Run | Yrd Mat Mat Traps Triggered 2 | . 2 . Indirectly . | . . . Trap Hack Attempts . | . . . Triggered . | . . . Disarmed . | . . . Reprogrammed . | . . . Reused . | . . . Traps Extracted . | . . . Installed . | . . . Triggered . | . . . Machines | -11 -10 -9 ---------- Run | Yrd Mat Mat Machines Disabled 3 | . 3 . Max in Single Turn 1 | . 1 . Machines Repaired . | . . . Machines Dismantled . | . . . Machines Sabotaged . | . . . Overloaded Fab Kills . | . . . Hacking | -11 -10 -9 --------- Run | Yrd Mat Mat Machines Accessed 3 | . 3 . Terminals 3 | . 3 . Fabricators . | . . . Repair Stations . | . . . Recycling Units . | . . . Scanalyzers . | . . . Garrison Access . | . . . Total Hacks 6 | . 6 . Successful 1 | . 1 . Failed 5 | . 5 . Catastrophic 3 | . 3 . Database Lockouts . | . . . Manual 5 | . 5 . Terminals 6 | . 6 . Fabricators . | . . . Repair Stations . | . . . Recycling Units . | . . . Scanalyzers . | . . . Garrison Access . | . . . Terminal Hacks 1 | . 1 . Level Access Points 1 | . 1 . Fabricator Hacks . | . . . Repair Station Hacks . | . . . Recycling Unit Hacks . | . . . Scanalyzer . | . . . Garrison Access Hacks . | . . . Unauthorized Hacks . | . . . Terminals . | . . . Fabricators . | . . . Repair Stations . | . . . Recycling Units . | . . . Scanalyzers . | . . . Garrison Access . | . . . Data Cores Recovered . | . . . Used . | . . . Hacking Detections 3 | . 3 . Full Trace Events 2 | . 2 . Feedback Events . | . . . Feedback Blocked . | . . . Robot Schematics Acquired . | . . . Robots Built . | . . . Authchips . | . . . Time . | . . . Total Robot Build Rating . | . . . Part Schematics Acquired . | . . . Parts Built . | . . . Authchips . | . . . Time . | . . . Total Part Build Rating . | . . . Parts Repaired . | . . . Time . | . . . Parts Recycled . | . . . Recycled Matter . | . . . Retrieved Matter . | . . . Retrieved Components . | . . . Parts Scanalyzed . | . . . Part Schematics Acquired . | . . . Parts Damaged . | . . . Bothacking | -11 -10 -9 ------------ Run | Yrd Mat Mat Used RIF Installer . | . . . Robots Hacked . | . . . Non-combat . | . . . Combat . | . . . Robot Hacks Applied . | . . . Relay Couplers Released . | . . . Fabnet Peak Effective % . | . . . Robots Rewired . | . . . Allies Hacked . | . . . Hacks Repelled . | . . . Allies | -11 -10 -9 -------- Run | Yrd Mat Mat Total Allies . | . . . Largest Group . | . . . Highest-Rated Group . | . . . Highest-Rated Ally . | . . . Total Orders . | . . . Ally Attacks . | . . . Total Damage . | . . . Kills . | . . . Allies Corrupted . | . . . Allies Melted . | . . . Intel | -11 -10 -9 ------- Run | Yrd Mat Mat Active Infowar (turns) 741 | 8 664 69 Seismic 741 | 8 664 69 Robot Analysis Total . | . . . Derelict Logs Recovered . | . . . Drone Launches . | . . . Drone Recoveries . | . . . Exploration | -11 -10 -9 ------------- Run | Yrd Mat Mat Turns Passed 994 | 70 725 199 Spaces Moved 761 | 61 567 133 Core 1 | 1 . . Treads . | . . . Legs . | . . . Wheels 760 | 60 567 133 Hover . | . . . Flight . | . . . Fastest Speed 50 | 50 80 80 Average Speed 81 | 79 81 82 Slowest Speed 95 | 80 95 90 Overloaded Moves . | . . . Propulsion Burnouts . | . . . Robots Hopped . | . . . Potential Cave-ins . | . . . Cave-ins Triggered . | . . . Exploration Rate (%) 33 | 4 80 15 Regions Visited 2 Branch Regions . Pre-discovered Areas . | . . . Known Exits Taken 1 | . 1 . Unknown Exits Taken 1 | 1 . . Scrap Searched . | . . . Spaces Dug . | . . . Terrain Destroyed 89 | . 46 43 Melee . | . . . Projectile . | . . . AOE 89 | . 46 43 Terrain Rammed . | . . . Walls Destroyed . | . . . Machines Disabled . | . . . Actions | -11 -10 -9 --------- Run | Yrd Mat Mat Total 1010 | 74 758 178 Wait 130 | . 127 3 Move 759 | 60 566 133 Hop . | . . . Pick Up 15 | 5 9 1 Fast Attach 14 | 7 5 2 Attach 6 | . 1 5 Detach . | . . . Swap 11 | . 8 3 Drop 6 | . 6 . Fire 69 | 2 36 31 Melee . | . . . Ram . | . . . Kick . | . . . Crush . | . . . Escape Stasis . | . . . Rewire . | . . . Trap . | . . . Miscellaneous . | . . . Route ------- -11/Scrapyard -10/Materials (discovered 4 exits: *Mat x3 / [*Min]) -9/Materials History --------- Turn | Location | Event 19 | -11/Scrapyard | Discovered new exit (range 16) 71 | -11/Scrapyard | Entered Materials 135 | -10/Materials | Discovered new exit (range 9) 318 | -10/Materials | Build established: Mutant 365 | -10/Materials | Discovered new exit (range 7) 626 | -10/Materials | Identified exit to Materials 796 | -10/Materials | Entered another Materials area 796 | -9/Materials | Evolved 2 slots: Propulsion x1, Utility x1 942 | -9/Materials | Lost 7 parts (1p2n1u3w) 951 | -9/Materials | Destroyed 10 combat bots 995 | -9/Materials | Self-destructed Last Messages --------------- 00937_ R-06 Scavenger collects Lgt. Ion Engine. 00937_ K-01 Serf collects debris. 00938_ Acquired Lgt. Assault Rifle. 00940_ K-01 Serf collects debris. 00941_ The unstable cave ceiling collapses. 00941_ Acquired Lgt. Assault Rifle. 00941_ K-01 Serf collects debris. 00941_ R-06 Scavenger collects Flight Unit. 00943_ K-01 Serf collects debris. 00946_ R-06 Scavenger collects Prototype Ballistic Gun. 00946_ Acquired 139 matter. 00948_ K-01 Serf collects debris. 00949_ R-06 Scavenger collects Aluminum Leg. 00950_ K-01 Serf collects debris. 00965_ U-05 Engineer lays Concrete. 00967_ U-05 Engineer builds a Wall. 00967_ K-01 Serf collects debris. 00990_ W-16 Scout sends out distress signal. 00991_ K-01 Serf collects debris. Map ----- +----------------------------------------------------+ | ?????????????????????????????????????????????????? | | ?????????????????????????????????????????????????? | | ?????????????????????????????????????????????????? | | ?????????????????????????????????????????????????? | | ?????????????????????????????????????????????????? | | ?????????????????????????????????????????????????? | | ?????????????????????????????????????????????????? | | ?????????????????????????????????????????????????? | | ?????????????????????????????????????????????????? | | ?????????????????????????????????????????????????? | | ?????????????????????????????????????????????????? | | ??????????????????????????????????????????????#### | | ??????????????????????????????????????? | | ??????????????????????????????????????????????##+# | | ?????????????????????????????????????????????????? | | ?????????????????????????????????????????????????? | | ?????????????????????????????????????????????????? | | ?????????????????????????????????????????????????? | | ????????????????????????????????????????########## | | ????????????????????????????????????????# | | ????????????????????????????????????????# | | ????????????????????????????????????????# | | ??????????? ###/#####################???# ###### | | ?????????? w u r #???# #????? | | ?????????? Y #???# #????? | | ?????????? @ ##### +????? | | ?????????????????################ k # ???? | | ????????????????????????????????# # "??? | | ????????????????????????????????# #? ?? | | ????????????????????????????????# ##### #? ? | | ????????????????????????????????# #???# #??##? | | ????????????????????????????????# #???# #????? | | ????????????????????????????????# #???# +????? | | ????????????????????????????????# #???# #????? | | ????????????????????????????????# #???# #????? | | ????????????????????????????????# #???# #????? | | ????????????????????????????????# #???? #????? | | ????????????????????????????????# #???? #????? | | ????????????????????????????????# #???? #????? | | ????????????????????????????????# #???? #????? | | ????????????????????????????????# ????? #????? | | ????????????????????????????????# ????? #????? | | ?????????????????????????????????????????????????? | | ?????????????????????????????????????????????????? | | ?????????????????????????????????????????????????? | | ?????????????????????????????????????????????????? | | ?????????????????????????????????????????????????? | | ?????????????????????????????????????????????????? | | ?????????????????????????????????????????????????? | | ?????????????????????????????????????????????????? | +----------------------------------------------------+ Best States ------------- Heat Dissipation 28 Energy Generation 10 Energy Capacity 250 Matter Stores 239 Matter Capacity 300 Sight Range 16 Terrain Scan Density 10 Evasion (%) 44 Item Schematics ----------------- None Robot Schematics ------------------ None Fabricated ------------ Nothing Repaired ---------- Nothing Alien Tech Used ----------------- None Achievements -------------- None Challenges ------------ None Game ------ Seed DerelictDisintegrationGun Manual? 0 Play Time 00:12:41 Cumulative 59.5 hours Start 2025.07.26 @ 23:35:28 End 2025.07.26 @ 23:45:50 Sessions 1 Manual Loads 0 Difficulty Rogue Special Mode None Game No. 82 Rogue 82 Adventurer 0 Explorer 0 Win Type - Total 0 Types 0/0/0/0/0/0/0/0/0/0 Lore% 41 Gallery% 33 Achievement% 34 Wizard Run 0 Options --------- Layout 1 ASCII 0 Keyboard 0 Movement Arrows Keybinds 0 Fullscreen 1 Font 24/Smallcaps Map View 50x35 Zoom Use 0% Tactical HUD 1 Map Filters NONE Filters NONE Steam 1 RUN: 41a0073b-bd0a-4dc7-a413-ed65b1e77fa8